 Dungeon Crawl Stone Soup version 0.30-a0-965-g42e074c17a (webtiles) character file.

Game seed: 9413410753531390386

6332 kiwi3s the Cleaver (level 10, 0/94 HPs)
             Began as a Minotaur Berserker on Mar 24, 2023.
             Was a High Priest of Trog.
             Slain by an unseen horror (5 damage)
             ... on level 10 of the Dungeon on Mar 30, 2023.
             The game lasted 00:15:02 (11637 turns).

kiwi3s the Cleaver (Minotaur Berserker)            Turns: 11637, Time: 00:15:03

Health: 0/94       AC: 11    Str: 26    XL:     10   Next: 64%
Magic:  9/9        EV: 11    Int:  4    God:    Trog [*****.]
Gold:   731        SH:  0    Dex: 10    Spells: 9/9 levels left

rFire   + . .      SeeInvis .    a - +0 hand axe
rCold   + . .      Faith    .    (no shield)
rNeg    . . .      Spirit   .    y - +0 chain mail
rPois   .          Reflect  .    (helmet restricted)
rElec   .          Rampage  .    (no cloak)
rCorr   .                        (no gloves)
Will    .....                    (no boots) Stlth
                                 (no amulet)
HPRegen 0.35/turn                v - ring of protection from fire
MPRegen 0.11/turn                C - ring of protection from cold

@: no status effects
A: horns 2, retaliatory headbutt
a: Renounce Religion, Berserk, Trog's Hand, Brothers in Arms


You were on level 10 of the Dungeon.
You worshipped Trog.
Trog was extremely pleased with you.
You visited 1 branch of the dungeon, and saw 10 of its levels.
You also visited: Sewer.

You collected 809 gold pieces.
You spent 78 gold pieces at shops.

Inventory:

Hand Weapons
 a - a +0 hand axe (weapon)
 l - a +0 war axe
Missiles
 x - 3 throwing nets (quivered)
 J - 4 boomerangs
Armour
 b - a +0 animal skin
 y - a +0 chain mail (worn)
Jewellery
 v - a ring of protection from fire (left hand)
 C - a ring of protection from cold (right hand)
 H - a ring of protection from cold
Wands
 B - a wand of mindburst (22)
 D - a wand of polymorph (8)
 F - a wand of flame (42)
Scrolls
 c - a scroll of amnesia {unknown}
 d - a scroll of enchant weapon {unknown}
 e - 2 scrolls of enchant armour {unknown}
 h - 2 scrolls of teleportation
 j - 2 scrolls of poison {unknown}
 k - 6 scrolls of blinking {unknown}
 m - 2 scrolls of fog {unknown}
 n - a scroll of summoning {unknown}
 t - 2 scrolls of magic mapping {unknown}
 u - 3 scrolls of fear
 w - 2 scrolls of immolation {unknown}
 z - a scroll of vulnerability {unknown}
 A - 2 scrolls of acquirement {unknown}
Potions
 f - 2 potions of magic
 g - 2 potions of haste
 i - 3 potions of curing
 p - 4 potions of lignification
 q - 2 potions of attraction
 r - a potion of berserk rage
 E - 2 potions of flight


   Skills:
 + Level 10.4 Fighting
 + Level 10.4 Axes
 + Level 10.0 Armour
 + Level 9.2 Dodging


You had 9 spell levels left.
You didn't know any spells.
Your spell library was empty.

Dungeon Overview and Level Annotations

Branches:
Dungeon (10/15)            Temple (0/1) D:4             Orc (0/2) D:9
  Sewer (visited)
   Lair: D:8-11

Altars:
Kikubaaqudgha
Makhleb
Nemelex Xobeh
Ru
Trog
Uskayaw
Wu Jian
Yredelemnul
Zin
The Shining One

Shops:
D:3 (   D:8 ?   D:10 (:(

Annotations:
D:4 exclusion: oklob sapling
D:10 1 runed translucent door, ytrimaz's ghost, journeyman FoFi


Innate Abilities, Weirdness & Mutations

You have a pair of horns on your head.
You reflexively headbutt those who attack you in melee.


Message History

Something hits you. Something hits you! Something barely misses you.
You hit something. Something hits you but does no damage.
You slash something! Something hits you. Something hits you but does no damage.
You hit something but do no damage. Something hits you. Something hits you.
Something hits you. Something hits you but does no damage. Something hits you.
Something hits you but does no damage. Something hits you. Something hits you.
Something hits you. x2
* * * LOW HITPOINT WARNING * * *
You hit something. You headbutt something.
Something hits you but does no damage.
You start resting.
Something hits you but does no damage.
You start resting.
Something hits you.
* * * LOW HITPOINT WARNING * * *
Something hits you.
* * * LOW HITPOINT WARNING * * *
You feel better. Something hits you but does no damage.
Something barely misses you. Something hits you.
* * * LOW HITPOINT WARNING * * *
Something hits you.
* * * LOW HITPOINT WARNING * * *
Something hits you!
* * * LOW HITPOINT WARNING * * *
Something hits you.
* * * LOW HITPOINT WARNING * * *
You hit something but do no damage. Something hits you.
* * * LOW HITPOINT WARNING * * *
You hit something. You headbutt something. Something hits you.
* * * LOW HITPOINT WARNING * * *
Something hits you.
* * * LOW HITPOINT WARNING * * *
You closely miss something. Something hits you.
You die...

#.#.##.##.......#
#...##.##.##.##.####
#.####..<...........
#..# ####.##.##.####
#..# #.......# #..#
##⌠...⌠## #..##
♣i###+###.♣ #...#
♣..Whiii♣.♣ #.#@#
♣♣...♣i..♣♣ #.#{#
♣♣♣!!...♣ #.#.## P♣
..♣♣ ########..#.#
..........##
..#####.## .### #.#
..# #.# #.#####.#
#.#


There were no monsters in sight!

Vanquished Creatures
  A komodo dragon (D:10)
  12 yaks
  A shadow (D:9)
  A wyvern (D:8)
  Menkaure (D:7)
  2 water moccasins
  Pargi (Sewer)
  2 orc warriors
  2 black bears
  An ice beast (D:5)
  3 sky beasts
  2 ogres
  A centaur (D:9)
  A phantom (D:5)
  5 bullfrogs
  5 gnoll sergeants
  3 scorpions
  5 wights (D:10)
  7 killer bees
  4 howler monkeys
  4 hounds
  6 orc priests
  2 gnoll boudas
  Jessica (D:3)
  3 iguanas
  3 orc wizards (D:9)
  33 gnolls
  9 adders
  An ufetubus (D:4)
  2 worms
  2 dart slugs (D:1)
  23 orcs
  10 ball pythons
  5 endoplasms
  5 giant cockroaches
  10 goblins
  9 hobgoblins
  12 jackals
  7 kobolds
  3 quokkas
  3 bats
  3 frilled lizards
  5 rats
221 creatures vanquished.

Vanquished Creatures (others)
  2 fungi (D:10)
  16 plants
18 creatures vanquished.

Grand Total: 239 creatures vanquished

Notes
Turn   | Place    | Note
-------+----------+-------------------------------------------
     0 | D:1      | kiwi3s the Minotaur Berserker began the quest for the Orb.
     0 | D:1      | Reached XP level 1. HP: 19/19 MP: 0/0
   237 | D:1      | Reached XP level 2. HP: 27/27 MP: 1/1
   338 | D:1      | Found a faded altar of an unknown god.
   808 | D:2      | Reached XP level 3. HP: 33/33 MP: 2/2
  1056 | D:2      | Reached ** piety under Trog
  1174 | D:2      | Reached XP level 4. HP: 24/41 MP: 3/3
  1578 | D:3      | Found Buoxih's Antique Weapon Boutique.
  1768 | D:3      | Noticed Jessica
  1771 | D:3      | Killed Jessica
  2018 | D:3      | Found a glowing drain.
  2023 | D:3      | Reached XP level 5. HP: 47/47 MP: 4/4
  2028 | Sewer    | Entered a sewer
  2140 | Sewer    | Noticed Pargi
  2147 | Sewer    | Killed Pargi
  2148 | Sewer    | Reached skill level 5 in Fighting
  2148 | Sewer    | Reached skill level 5 in Axes
  2307 | D:4      | Found a staircase to the Ecumenical Temple.
  2316 | D:4      | Noticed a black bear
  2338 | D:4      | Killed a black bear
  2339 | D:4      | Reached XP level 6. HP: 46/56 MP: 5/5
  2379 | D:4      | Reached *** piety under Trog
  2630 | D:4      | Reached skill level 5 in Armour
  2630 | D:4      | Reached XP level 7. HP: 38/62 MP: 6/6
  3422 | D:4      | Upgraded the game from 0.30-a0-937-ga0a21ad780 to
                  | 0.30-a0-965-g42e074c17a
  3474 | D:5      | Entered Level 5 of the Dungeon
  3529 | D:5      | Found a glowing golden altar of the Shining One.
  3537 | D:5      | Reached skill level 5 in Dodging
  4053 | D:5      | Reached XP level 8. HP: 8/71 MP: 7/7
  4053 | D:5      | HP: 5/106 [poisoned by a water moccasin]
  4055 | D:5      | HP: 1/71 [poisoned by a water moccasin]
  4268 | D:5      | Found a sparkling altar of Nemelex Xobeh.
  6047 | D:7      | Reached XP level 9. HP: 50/81 MP: 8/8
  6751 | D:7      | Noticed Menkaure
  6760 | D:7      | Killed Menkaure
  6768 | D:7      | Found a hide-covered altar of Uskayaw.
  7319 | D:8      | Found Xuuwn's Magic Scroll Shop.
  7324 | D:8      | Bought a scroll of identify for 26 gold pieces
  7324 | D:8      | Bought a scroll of identify for 26 gold pieces
  7324 | D:8      | Bought a scroll of identify for 26 gold pieces
  7383 | D:8      | Found a glowing silver altar of Zin.
  8851 | D:8      | Reached XP level 10. HP: 8/91 MP: 9/9
  8854 | D:8      | HP: 3/136 [yak (5)]
  8856 | D:8      | Reached **** piety under Trog
  9817 | D:9      | Found a staircase to the Orcish Mines.
 10167 | D:9      | Reached skill level 10 in Fighting
 10235 | D:9      | Found a bloodstained altar of Trog.
 10235 | D:9      | Found a basalt altar of Yredelemnul.
 10235 | D:9      | Found a sacrificial altar of Ru.
 10235 | D:9      | Found a burning altar of Makhleb.
 10241 | D:9      | Found an ancient bone altar of Kikubaaqudgha.
 10241 | D:9      | Found an ornate altar of the Wu Jian Council.
 10295 | D:9      | Reached skill level 10 in Axes
 10420 | D:10     | Entered Level 10 of the Dungeon
 10420 | D:10     | Noticed ytrimaz's ghost (journeyman FoFi)
 10420 | D:10     | Found a runed translucent door.
 10421 | D:10     | Identified the +9 spear of Rasaj {flame, +Blink rCorr
                  | Int-2}
 10422 | D:10     | Noticed a spriggan rider
 10439 | D:10     | Found Doyth's Weapon Emporium.
 10632 | D:10     | Found Ehieq's Book Shop.
 10953 | D:10     | Found Gure's Weapon Shop.
 10997 | D:10     | Reached skill level 10 in Armour
 11002 | D:10     | Reached ***** piety under Trog
 11351 | D:10     | Noticed a deep elf zephyrmancer
 11352 | D:10     | Noticed a deep elf zephyrmancer
 11637 | D:10     | Slain by an unseen horror

Illustrated notes

Levels and vault maps discovered:
D:1:      saegor_arrival_simple_c, layout_loops_cross, serial_forest,
          infiniplex_forest_clump_medium, infiniplex_forest_end_3,
          infiniplex_forest_corner_1, infiniplex_forest_clump_large,
          infiniplex_forest_clump_long, infiniplex_forest_corner_2,
          infiniplex_forest_straight_1, hellmonk_ecumenical_altar_heavens_door,
          dreamdust_wishing_well, corexii_corridor_pit, serial_park_tiny_1,
          hangedman_decor_peaks_small, st_stairs_6
D:2:      layout_rooms
D:3:      cheibrodos_greedy_goblins, layout_basic, portal_sewer_entry_b,
          serial_shops, nicolae_shop_window_shopping, serial_park_tiny_2,
          uniq_jessica
D:4:      layout_loops_corners, minmay_temple_entry_oklob
D:5:      layout_cave_pools, nicolae_overflow_hidden_temple
D:6:      layout_gridville, dk_noncrumbling_3, kennysheep_opposing_triangles
D:7:      layout_basic, marbit_many_paths, serial_rivers,
          chequers_serial_rivers_micro_c, chequers_serial_rivers_marsh,
          chequers_serial_rivers_room_a, chequers_serial_rivers_large_b,
          chequers_serial_rivers_room_a, chequers_serial_rivers_room_b,
          uniq_menkaure
D:8:      layout_layer_cave, zin_statuary, serial_shops, nicolae_shop_crystal
D:9:      layout_roguey, minmay_overflow_temple_hex,
          minmay_orc_entry_temple_small, hangedman_decor_growths
D:10:     minmay_the_grid_3x3 [minmay_the_grid_tri_star,
          minmay_the_grid_zigzag_pyramid, minmay_the_grid_mess,
          minmay_the_grid_large_cup, minmay_the_grid_empty,
          minmay_the_grid_eight, minmay_the_grid_tree, minmay_the_grid_spikes,
          minmay_the_grid_prize_trominoes], layout_loops_cross,
          ebering_ghost_funeral_grove, serial_shops, kennysheep_mini,
          nicolae_shop_window_shopping, shop, nrook_pool_corridor

Skill      XL: |  1  2  3  4  5  6  7  8  9 10 |
---------------+-------------------------------+-----
Fighting       | 4 5 6 7 9 10 | 10.4
Axes           | 4 5 6 7 9 10 | 10.4
Armour         | 3 4 5 6 7 9 10 | 10.0
Dodging        | 3 4 5 6 8 9 |  9.2

Action                     |  1- 3 |  4- 6 |  7- 9 | 10-12 || total
---------------------------+-------+-------+-------+-------++-------
  Melee: Hand axe          |    77 |    81 |   314 |   178 ||   650
         Headbutt          |     8 |    14 |    58 |    38 ||   118
         Punch             |       |       |     4 |     2 ||     6
 Invoke: Berserk           |       |     3 |     9 |     2 ||    14
    Use: Potion            |       |       |     3 |     4 ||     7
         Scroll            |       |       |     6 |     2 ||     8
   Stab: Sleeping          |     1 |     1 |       |       ||     2
 Armour: Animal skin       |    14 |    17 |     8 |       ||    39
         Chain mail        |       |       |   135 |    84 ||   219
  Dodge: Dodged            |    50 |    60 |   172 |   100 ||   382

Table legend: (Time is in decaauts)
 A = Elapsed time spent in this place.
 B = Non-inter-level travel time spent in this place.
 C = Inter-level travel time spent in this place.
 D = Time resting spent in this place.
 E = Time spent auto-exploring this place.
 F = Levels seen in this place.
 G = Mean time per level.
                   A        B        C        D        E       F      G
               +--------+--------+--------+--------+--------+-----+--------+
         Total |  11746 |  11449 |    297 |   2649 |   7470 |  11 | 1067.8 |
       Dungeon |  11493 |  11196 |    297 |   2597 |   7336 |  10 | 1149.3 |
         Sewer |    252 |    252 |      0 |     52 |    133 |   1 |  252.0 |
               +--------+--------+--------+--------+--------+-----+--------+

Top non-repeatable levels by time:
     D:8: 2175 daAuts
     D:7: 1448 daAuts
     D:6: 1315 daAuts
    D:10: 1186 daAuts
     D:4: 1184 daAuts
     D:9: 1134 daAuts
     D:5: 967 daAuts
     D:1: 747 daAuts
     D:2: 669 daAuts
     D:3: 663 daAuts
   Sewer: 252 daAuts
